 Dungeon Crawl Stone Soup version 0.27-a0-1123-g2f9bb313c0 (webtiles) character file.

Game seed: 3670358281473636102

2510 Zeld the Skirmisher (level 9, -1/64 HPs)
             Began as an Octopode Fighter on May 3, 2021.
             Was a Believer of Okawaru.
             Slain by a wyvern (14 damage)
             ... on level 8 of the Dungeon.
             The game lasted 00:11:27 (10170 turns).

Zeld the Skirmisher (Octopode Fighter)             Turns: 10170, Time: 00:11:27

Health: -1/64      AC:  1    Str: 18    XL:     9   Next: 53%
Magic:  9/9        EV: 12    Int: 10    God:    Okawaru [**....]
Gold:   189        SH: 11    Dex: 18    Spells: 8/8 levels left

rFire    . . .     SeeInvis .   a - +0 war axe
rCold    . . .     Faith    .   b - +0 kite shield
rNeg     . . .     Spirit   .   (helmet restricted)
rPois    .         Reflect  .   (no amulet)
rElec    .         Harm     .   q - +6 ring of dexterity
rCorr    .         Rampage  .   (no ring)
Will     .....                  (no ring)
Stlth    +++.......             (no ring)
HPRegen  0.20/turn              (no ring)
MPRegen  0.11/turn              (no ring)
                                (no ring)
                                (no ring)

@: brilliant, flying
A: almost no armour, amphibious, 8 rings, camouflage 1, gelatinous body 1,
(nimble swimmer 1), tentacles
a: Renounce Religion, Heroism


You were on level 8 of the Dungeon.
You worshipped Okawaru.
Okawaru was pleased with you.
You visited 2 branches of the dungeon, and saw 9 of its levels.

You collected 336 gold pieces.
You spent 147 gold pieces at shops.

Inventory:

Hand Weapons
 a - a +0 war axe (weapon)
Missiles
 l - 13 poisoned darts (quivered)
 p - 7 javelins
 y - 4 boomerangs
Armour
 b - a +0 kite shield (worn)
Jewellery
 q - a +6 ring of dexterity (left tentacle)
Scrolls
 d - a scroll of summoning {unknown}
 f - a scroll of silence {unknown}
 g - 5 scrolls of identify {unknown}
 h - 4 scrolls of teleportation {unknown}
 k - 3 scrolls of blinking {unknown}
 m - 3 scrolls of vulnerability {unknown}
 r - 3 scrolls of enchant armour {unknown}
 s - a scroll of fear {unknown}
 u - a scroll of enchant weapon {unknown}
 v - a scroll of immolation {unknown}
 w - a scroll of magic mapping {unknown}
Potions
 c - 2 potions of haste {unknown}
 e - 2 potions of degeneration {unknown}
 i - a potion of flight
 j - a potion of lignification {unknown}
 n - a potion of cancellation {unknown}
 o - a potion of mutation {unknown}
 t - 2 potions of brilliance
 x - a potion of curing {unknown}
 z - a potion of heal wounds {unknown}


   Skills:
 * Level 7.0 Fighting
 * Level 6.6 Axes
 - Level 6.0 Throwing
 - Level 3.0 Dodging
 * Level 7.0 Shields


You had 8 spell levels left.
You didn't know any spells.
Your spell library contained the following spells:

 Spells                   Type           Power      Damage    Failure   Level
 Summon Small Mammal      Summ           0%         N/A       71%         1
 Call Imp                 Summ           0%         N/A       85%         2
 Call Canine Familiar     Summ           0%         N/A       97%         3
 Summon Guardian Golem    Hex/Summ       0%         N/A       97%         3
 Summon Ice Beast         Ice/Summ       0%         N/A       100%        4
 Summon Lightning Spire   Summ/Air       0%         N/A       100%        4


Dungeon Overview and Level Annotations

Branches:
Dungeon (8/15)             Temple (1/1) D:4
   Lair: D:8-11

Altars:
Ashenzari
Dithmenos
Elyvilon
Fedhas
Gozag
Kikubaaqudgha
Makhleb
Nemelex Xobeh
Okawaru
Qazlal
Ru
Sif Muna
Trog
Uskayaw
Vehumet
Wu Jian
Xom
Yredelemnul
Zin

Shops:
D:5 *


Innate Abilities, Weirdness & Mutations

You cannot wear most types of armour.
You are amphibious.
You can wear up to eight rings at the same time.
Your skin changes colour to match your surroundings (Stealth+).
Your rubbery body absorbs attacks. (AC +1, EV +1)
((You are camouflaged near water. (Stealth+)))
You have tentacles for arms and can constrict up to eight enemies at once.


Message History

There is an open door here.
A centaur zombie is nearby!
A wyvern comes into view.
The centaur zombie hits you. The centaur zombie kicks you.
You block the centaur zombie's attack. x2
Found 14 arrows.
You slash the centaur zombie!
The centaur zombie is moderately damaged.
You slash the wyvern! The wyvern closely misses you.
You block the centaur zombie's attack. The centaur zombie kicks you.
The wyvern bites you!
You closely miss the wyvern.
The wyvern is moderately wounded.
You hit the centaur zombie. You block the centaur zombie's attack.
The centaur zombie barely misses you. The wyvern bites you.
You block the centaur zombie's attack. The centaur zombie kicks you.
You block the wyvern's attack.
You slash the wyvern!
The wyvern is heavily wounded.
You hit the centaur zombie but do no damage.
The centaur zombie barely misses you.
The centaur zombie kicks you but does no damage.
The wyvern bites you! You block the centaur zombie's attack.
The centaur zombie kicks you. The wyvern bites you!
The wyvern hisses menacingly.
Okay, then.
Okay, then.
You closely miss the wyvern. You squeeze the wyvern!
The wyvern is severely wounded.
The wyvern bites you!
* * * LOW HITPOINT WARNING * * *
You block the wyvern's attack.
Unknown command.
It was a potion of brilliance.
You feel clever all of a sudden. You block the wyvern's attack.
The wyvern closely misses you.
It was a potion of flight.
You feel very buoyant.
You fly up into the air.
The wyvern bites you!
You die...

#................#
####................##
.....................
#................
#.......#......#
#.......####...#
#.........<#...####
############'####...(.......
..........Zl@...+.......>..#
.......#####.####.....####.#
######( ...............# ..
##.####...###+## ... ...
##...# .... #.. #....# .....
#..##....+ ...... #..##....#
#....#


You could see a wyvern and a centaur zombie.

Vanquished Creatures
  A two-headed ogre (D:5)
  A hornet (D:7)
  Menkaure (D:5)
  An ice beast (D:8)
  2 orc warriors
  A hornet zombie (D:5)
  A sky beast (D:5)
  A black bear (D:7)
  A necrophage (D:6)
  An ogre (D:5)
  2 bullfrogs
  A scorpion (D:6)
  A water moccasin zombie (D:6)
  A water moccasin skeleton (D:4)
  2 bullfrog zombies (D:6)
  2 hounds
  2 orc priests
  A bullfrog skeleton (D:6)
  A centaur skeleton (D:6)
  2 iguanas
  An orc wizard (D:4)
  A killer bee zombie (D:6)
  3 gnolls (D:2)
  5 adders
  A white imp (D:8)
  An ufetubus (D:4)
  4 worms
  A dart slug (D:5)
  11 orcs
  4 bats
  6 endoplasms
  3 giant cockroaches
  11 goblins
  3 hobgoblins
  4 jackals
  11 kobolds
  3 quokkas
  5 ball pythons
  2 frilled lizards
  4 rats
110 creatures vanquished.

Vanquished Creatures (others)
  An orc warrior (D:6)
  2 fungi (D:8)
  4 plants (D:8)
7 creatures vanquished.

Grand Total: 117 creatures vanquished

Notes
Turn   | Place    | Note
-------+----------+-------------------------------------------
     0 | D:1      | Zeld the Octopode Fighter began the quest for the Orb.
     0 | D:1      | Reached XP level 1. HP: 16/16 MP: 1/1
   220 | D:1      | Reached XP level 2. HP: 8/21 MP: 2/2
  1236 | D:2      | Reached XP level 3. HP: 26/26 MP: 3/3
  1818 | D:2      | Reached XP level 4. HP: 24/33 MP: 4/4
  2077 | D:2      | Found a faded altar of an unknown god.
  2620 | D:3      | Reached XP level 5. HP: 37/37 MP: 5/5
  3370 | D:3      | Reached skill level 1 in Throwing
  3663 | D:4      | Found a radiant altar of Vehumet.
  3763 | D:4      | Found a staircase to the Ecumenical Temple.
  3772 | Temple   | Entered the Ecumenical Temple
  3800 | Temple   | Became a worshipper of Warmaster Okawaru
  3892 | D:4      | Found a shimmering blue altar of Sif Muna.
  3962 | D:4      | Reached XP level 6. HP: 43/43 MP: 6/6
  4547 | D:5      | Entered Level 5 of the Dungeon
  4552 | D:5      | Noticed Menkaure
  4554 | D:5      | Found a bloodstained altar of Trog.
  4560 | D:5      | Killed Menkaure
  4786 | D:5      | Noticed a sky beast
  4800 | D:5      | Killed a sky beast
  4800 | D:5      | Reached * piety under Okawaru
  4801 | D:5      | Reached skill level 5 in Throwing
  4801 | D:5      | Reached XP level 7. HP: 15/48 MP: 7/7
  7055 | D:5      | Reached XP level 8. HP: 20/54 MP: 8/8
  7397 | D:5      | Noticed a two-headed ogre
  7438 | D:5      | Killed a two-headed ogre
  7438 | D:5      | Reached ** piety under Okawaru
  7439 | D:5      | Reached skill level 5 in Fighting
  7439 | D:5      | Reached skill level 5 in Axes
  7439 | D:5      | Reached skill level 5 in Shields
  7683 | D:5      | Found Nioz's Assorted Antiques.
  7687 | D:5      | Bought a glowing puce potion for 27 gold pieces
  7687 | D:5      | Bought a scroll labelled XYISIM CUYR for 30 gold pieces
  7687 | D:5      | Bought a scroll labelled WAARYA DUTAU for 30 gold pieces
  7687 | D:5      | Bought a scroll labelled XUNLIKH ZUKKEOWEM for 30 gold
                  | pieces
  7687 | D:5      | Bought a scroll labelled KUBRIE DAATOCO for 30 gold pieces
  8187 | D:6      | Reached XP level 9. HP: 56/62 MP: 9/9
  8979 | D:7      | Noticed a hornet
  8986 | D:7      | Killed a hornet
 10170 | D:8      | Slain by a wyvern

Illustrated notes

Levels and vault maps discovered:
D:1:      saegor_arrival_simple_b, layout_loops_ring
D:2:      layout_loops_ring, basic_ecumenical_altar
D:3:      layout_loops_ring, minmay_quantized
D:4:      layout_loops_ring, nicolae_vehumet_altar_sigil, led_sif_pool,
          minmay_temple_entry_arrows, grunt_ministairs_1, minmay_cut_off
D:5:      layout_cave_pools, bloody_trog, serial_rivers,
          chequers_serial_rivers_small_b, chequers_serial_rivers_micro_c,
          chequers_serial_rivers_micro_e, chequers_serial_rivers_large_a,
          chequers_serial_rivers_micro_e, chequers_serial_rivers_micro_d,
          serial_shops, kennysheep_mini_moat, kennysheep_boxes, uniq_menkaure
D:6:      lemuel_ice_spiral_2, layout_basic
D:7:      layout_cave_pools
D:8:      layout_basic, kennysheep_little_box, dpeg_oklobed_lair,
          ebering_ghost_xom, uniq_joseph
Temple:   compressed_dpeg_circular_temple

Skill      XL: |  1  2  3  4  5  6  7  8  9 |
---------------+----------------------------+-----
Axes           | 3 4 5 6 |  6.6
Fighting       | 4 6 7 |  7.0
Shields        | 4 6 7 |  7.0
Throwing       | 2 5 6 |  6.0
Dodging        | |  3.0

Action                   |  1- 3 |  4- 6 |  7- 9 || total
-------------------------+-------+-------+-------++-------
Melee: War axe           |    44 |    79 |   105 ||   228
       Constrict         |    12 |    19 |    29 ||    60
       Tentacles         |     5 |    10 |    33 ||    48
       Punch             |       |       |     1 ||     1
Throw: Dart              |       |     4 |    21 ||    25
       Javelin           |       |       |    11 ||    11
Invok: Heroism           |       |       |     1 ||     1
  Use: Potion            |       |     1 |     2 ||     3
 Stab: Sleeping          |     3 |    11 |     5 ||    19
       Distracted        |       |     1 |     1 ||     2
Armor: Skin              |     4 |     7 |     5 ||    16
Dodge: Dodged            |    20 |    28 |    67 ||   115
Block: Kite shield       |    19 |    38 |    88 ||   145

Table legend: (Time is in decaauts)
 A = Elapsed time spent in this place.
 B = Non-inter-level travel time spent in this place.
 C = Inter-level travel time spent in this place.
 D = Time resting spent in this place.
 E = Time spent auto-exploring this place.
 F = Levels seen in this place.
 G = Mean time per level.
                   A        B        C        D        E       F      G
               +--------+--------+--------+--------+--------+-----+--------+
         Total |  10296 |  10105 |    191 |   2528 |   6439 |   9 | 1144.0 |
       Dungeon |  10211 |  10034 |    177 |   2528 |   6378 |   8 | 1276.4 |
        Temple |     84 |     70 |     14 |      0 |     61 |   1 |   84.0 |
               +--------+--------+--------+--------+--------+-----+--------+

Top non-repeatable levels by time:
     D:4: 2552 daAuts
     D:5: 1624 daAuts
     D:6: 1493 daAuts
     D:1: 1355 daAuts
     D:3: 1151 daAuts
     D:2: 1060 daAuts
     D:7: 787 daAuts
     D:8: 186 daAuts
  Temple: 84 daAuts
